 Dungeon Crawl Stone Soup version 0.27-a0-1090-gb115f176c6 (webtiles) character file.

Game seed: 8271045036777302015

163 tardwrangler69 the Digger (level 5, -6/24 HPs)
             Began as a Spriggan Earth Elementalist on Apr 28, 2021.
             Mangled by a gnoll
             ... wielding a +0 flail
              (11 damage)
             ... on level 2 of the Dungeon.
             The game lasted 00:03:42 (3123 turns).

tardwrangler69 the Digger (SpEE)                    Turns: 3123, Time: 00:03:43

Health: -6/24      AC:  2    Str:  4    XL:     5   Next: 20%
Magic:  4/12       EV: 17    Int: 18    God:
Gold:   94         SH:  0    Dex: 15    Spells: 10/12 levels left

rFire    . . .     SeeInvis +   e - +0 dagger
rCold    . . .     Faith    .   (shield restricted)
rNeg     . . .     Spirit   .   c - +0 robe
rPois    .         Reflect  .   (helmet restricted)
rElec    .         Harm     .   (no cloak)
rCorr    .         Rampage  .   (gloves unavailable)
Will     .....                  (boots unavailable)
Stlth    ++........             (no amulet)
HPRegen  0.08/turn              (no ring)
MPRegen  0.13/turn              (no ring)

@: very slightly contaminated, very quick
A: very small, no large weapons, unfitting armour, see invisible, speed 3
a: no special abilities


You were on level 2 of the Dungeon.
You visited 1 branch of the dungeon, and saw 2 of its levels.

You collected 94 gold pieces.

Inventory:

Hand Weapons
 e - a +0 dagger (weapon)
Armour
 c - a +0 robe (worn)
 h - +0 gold dragon scales
Jewellery
 f - a ring of magical power
Scrolls
 a - a scroll of enchant armour {unknown}
 b - a scroll of identify {unknown}
 d - a scroll of fear {unknown}
 g - a scroll of fog {unknown}
 i - a scroll of immolation {unknown}
 k - a scroll of noise {unknown}
Potions
 j - a potion of curing {unknown}


   Skills:
 - Level 2.6 Dodging
 - Level 3.0 Stealth
 + Level 4.3 Spellcasting
 + Level 0.1 Conjurations
 - Level 1.3 Transmutations
 * Level 4.7 Earth Magic


You had 10 spell levels left.
You knew the following spells:

 Your Spells              Type           Power      Damage    Failure   Level
a - Sandblast             Erth           40%        2d10      1%          1
b - Magic Dart            Conj           16%        1d3       14%         1

Your spell library contained the following spells:

 Spells                   Type           Power      Damage    Failure   Level
 Passwall                 Tmut/Erth      11%        N/A       6%          2
 Stone Arrow              Conj/Erth      24%        3d8       16%         3
 Blink                    Tloc           N/A        N/A       22%         2
 Call Imp                 Summ           3%         N/A       22%         2
 Slow                     Hex            3%         N/A       22%         2
 Conjure Flame            Conj/Fire      4%         6-21      38%         3
 Mephitic Cloud           Conj/Pois/Air  4%         N/A       38%         3
 Petrify                  Tmut/Erth      14%        N/A       38%         4
 Lee's Rapid Deconstruct  Erth           10%        3d9*      50%         5


Dungeon Overview and Level Annotations

Branches:
Dungeon (2/15)

Altars:


Innate Abilities, Weirdness & Mutations

You are very small and have problems with some larger weapons.
You are too small for most types of armour.
You have supernaturally acute eyesight. (SInv)
You cover ground extremely quickly. (Speed+++)


Message History

The gnoll closely misses you.
Casting: Magic Dart (safe; 14% risk of failure)
Confirm with . or Enter, or press ? or * to list all spells.
Aiming: Magic Dart (safe; 14% risk of failure)
Press: ? - help, Shift-Dir - straight line, f/p - gnoll
Aim: a gnoll, wielding a +0 flail (moderately wounded, 100% to hit)
You miscast Magic Dart.
Nothing appears to happen.
The gnoll barely misses you.
Casting: Magic Dart (safe; 14% risk of failure)
Confirm with . or Enter, or press ? or * to list all spells.
Aiming: Magic Dart (safe; 14% risk of failure)
Press: ? - help, Shift-Dir - straight line, f/p - gnoll
Aim: a gnoll, wielding a +0 flail (moderately wounded, 100% to hit)
The magic dart hits the gnoll.
The gnoll is heavily wounded.
The gnoll hits you with a +0 flail.
* * * LOW HITPOINT WARNING * * *
Casting: Magic Dart (safe; 14% risk of failure)
Confirm with . or Enter, or press ? or * to list all spells.
Aiming: Magic Dart (safe; 14% risk of failure)
Press: ? - help, Shift-Dir - straight line, f/p - gnoll
Aim: a gnoll, wielding a +0 flail (heavily wounded, 100% to hit)
You miscast Magic Dart.
Nothing appears to happen.
The gnoll closely misses you.
Casting: Magic Dart (safe; 14% risk of failure)
Confirm with . or Enter, or press ? or * to list all spells.
Aiming: Magic Dart (safe; 14% risk of failure)
Press: ? - help, Shift-Dir - straight line, f/p - gnoll
Aim: a gnoll, wielding a +0 flail (heavily wounded, 100% to hit)
The magic dart hits the gnoll.
The gnoll is severely wounded.
The gnoll misses you.
Casting: Magic Dart (safe; 14% risk of failure)
Confirm with . or Enter, or press ? or * to list all spells.
Aiming: Magic Dart (safe; 14% risk of failure)
Press: ? - help, Shift-Dir - straight line, f/p - gnoll
Aim: a gnoll, wielding a +0 flail (severely wounded, 100% to hit)
The magic dart hits the gnoll.
The gnoll is severely wounded.
The gnoll hits you with a +0 flail!
You die...

####.#####..##..##
##.
#.....#.......###.#
#####.#..#####.#.##
#.....# ##.###
#.....######....
####.....##........
#..................
#.........######.##
#g@..[....# #.#
####...#.#######.#
#...#.........#
#...###########
#####


You could see a gnoll.

Vanquished Creatures
  Natasha (thrice) (D:2)
  3 gnolls (D:2)
  An adder (D:2)
  A worm (D:2)
  2 ball pythons
  7 endoplasms
  6 goblins
  4 hobgoblins (D:2)
  5 kobolds
  3 quokkas
  5 bats (D:1)
  3 frilled lizards (D:1)
  6 rats
49 creatures vanquished.

Notes
Turn   | Place    | Note
-------+----------+-------------------------------------------
     0 | D:1      | tardwrangler69 the Spriggan Earth Elementalist began the
                  | quest for the Orb.
     0 | D:1      | Reached XP level 1. HP: 9/9 MP: 5/5
   452 | D:1      | Reached XP level 2. HP: 13/13 MP: 4/7
  1541 | D:1      | Reached XP level 3. HP: 16/16 MP: 8/8
  1974 | D:2      | Noticed Natasha
  1977 | D:2      | Killed Natasha
  2063 | D:2      | Reached XP level 4. HP: 20/21 MP: 5/10
  2114 | D:2      | Noticed Natasha
  2118 | D:2      | Killed Natasha
  2314 | D:2      | Noticed Natasha
  2324 | D:2      | Killed Natasha
  2325 | D:2      | Reached XP level 5. HP: 10/24 MP: 8/12
  2533 | D:2      | Learned a level 1 spell: Magic Dart
  3123 | D:2      | Mangled by a gnoll

Illustrated notes

Levels and vault maps discovered:
D:1:      sevenhm_arrival_forest_fort_small_5, layout_basic
D:2:      layout_loops_ring, uniq_sigmund, uniq_natasha

Skill      XL: |  1  2  3  4 |
---------------+-------------+-----
Earth Magic    | 3 4 |  4.7
Spellcasting   | 3 4 |  4.3
Dodging        | |  2.6
Stealth        | |  3.0
Conjurations   | |  0.1
Transmutations | |  1.3

Action                   |  1- 3 |  4- 6 || total
-------------------------+-------+-------++-------
Melee: Unarmed           |     2 |       ||     2
       Dagger            |     3 |     8 ||    11
 Cast: Sandblast         |    54 |    20 ||    74
       Magic Dart        |       |    35 ||    35
 Stab: Sleeping          |     1 |       ||     1
Armor: Robe              |     4 |     3 ||     7
Dodge: Dodged            |    11 |    39 ||    50

Table legend: (Time is in decaauts)
 A = Elapsed time spent in this place.
 B = Non-inter-level travel time spent in this place.
 C = Inter-level travel time spent in this place.
 D = Time resting spent in this place.
 E = Time spent auto-exploring this place.
 F = Levels seen in this place.
 G = Mean time per level.
                   A        B        C        D        E       F      G
               +--------+--------+--------+--------+--------+-----+--------+
         Total |   2653 |   2625 |     28 |      0 |   2360 |   2 | 1326.5 |
       Dungeon |   2653 |   2625 |     28 |      0 |   2360 |   2 | 1326.5 |
               +--------+--------+--------+--------+--------+-----+--------+

Top non-repeatable levels by time:
     D:1: 1678 daAuts
     D:2: 974 daAuts
